 Dungeon Crawl Stone Soup version 0.22-a0-433-gd2a9cce (webtiles) character file.

202 pyroka the Charmwright (level 5, 0/43 HPs)
             Began as a Gnoll Skald on May 27, 2018.
             Succumbed to an adder's poison
             ... on level 3 of the Dungeon.
             The game lasted 00:09:12 (1816 turns).

pyroka the Charmwright (Gnoll Skald)                Turns: 1816, Time: 00:09:12

Health: 0/43       AC: 11    Str: 15    XL:     5   Next: 80%
Magic:  7/12       EV: 13    Int: 15    God:
Gold:   95         SH:  0    Dex: 14    Spells: 11/14 levels left

rFire    . . .     SeeInvis .   a - +0 falchion
rCold    . . .     Gourm    .   (no shield)
rNeg     . . .     Faith    .   A - +4 ring mail
rPois    .         Spirit   .   q - +0 helmet
rElec    .         Reflect  .   (no cloak)
rCorr    .         Harm     .   (no gloves)
MR       .....                  y - +0 pair of boots
Stlth    +.........             (no amulet)
HPRegen  0.14/turn              (no ring)
MPRegen  0.13/turn              (no ring)

@: lethally poisoned (0 -> -1), infused
A: distributed training, fangs 1, strong nose
a: no special abilities


You were on level 3 of the Dungeon.
You were not hungry.

You visited 1 branch of the dungeon, and saw 3 of its levels.

You collected 95 gold pieces.

Inventory:

Hand Weapons
 a - a +0 falchion (weapon)
 b - a +0 hunting sling
Missiles
 l - a throwing net (quivered)
 m - 78 stones
Armour
 q - a +0 helmet (worn)
 y - a +0 pair of boots (worn)
 A - a +4 ring mail (worn)
Scrolls
 c - a scroll of remove curse {unknown}
 e - 2 scrolls of teleportation {unknown}
 g - a scroll of noise {unknown}
 i - 3 scrolls of identify {unknown}
 o - a scroll of fear {unknown}
 p - a scroll of blinking {unknown}
 r - 2 scrolls of amnesia {unknown}
 u - a scroll of magic mapping {unknown}
 z - a scroll of enchant weapon {unknown}
Potions
 h - 2 potions of magic {unknown}
 j - 2 potions of brilliance {unknown}
 k - a potion of berserk rage {unknown}
 n - 2 potions of haste {unknown}
 s - 3 potions of might {unknown}
 v - a potion of curing {unknown}
 w - a potion of flight {unknown}
 x - a potion of mutation {unknown}
Comestibles
 d - 5 rations
 f - 8 chunks of flesh


   Skills:
 + Level 4.8 Fighting
 + Level 1.6 Short Blades
 + Level 4.8 Long Blades
 + Level 1.6 Axes
 + Level 1.6 Maces & Flails
 + Level 1.6 Polearms
 + Level 1.6 Staves
 + Level 1.6 Slings
 + Level 1.6 Bows
 + Level 1.6 Crossbows
 + Level 1.6 Throwing
 + Level 3.0 Armour
 + Level 4.8 Dodging
 + Level 1.6 Stealth
 + Level 1.6 Shields
 + Level 1.6 Unarmed Combat
 + Level 5.2 Spellcasting
 + Level 1.2 Conjurations
 + Level 1.2 Hexes
 + Level 5.5 Charms
 + Level 1.2 Summonings
 + Level 1.2 Necromancy
 + Level 1.2 Translocations
 + Level 1.2 Transmutations
 + Level 1.2 Fire Magic
 + Level 1.2 Ice Magic
 + Level 1.2 Air Magic
 + Level 1.2 Earth Magic
 + Level 1.2 Poison Magic
 + Level 1.8 Invocations
 + Level 1.6 Evocations


You had 11 spell levels left.
You knew the following spells:

 Your Spells              Type           Power        Failure   Level  Hunger
a - Infusion              Chrm           ###.         3%          1    None
b - Song of Slaying       Chrm           ###.....     4%          2    ##.....

Your spell library contained the following spells:

 Spells                   Type           Power        Failure   Level  Hunger
 Confuse                  Hex            #.......     47%         3    ###....
 Regeneration             Chrm/Necr      ##........   22%         3    ###....
 Confusing Touch          Hex            #.....       19%         1    None
 Metabolic Englaciation   Hex/Ice        #.........   99%         5    ######.
 Petrify                  Tmut/Erth      #.......     87%         4    ####...
 Shroud of Golubria       Chrm/Tloc      ##........   12%         2    ##.....
 Spectral Weapon          Hex/Chrm       ##......     22%         3    ###....
 Gell's Gravitas          Tloc           #.........   47%         3    ###....
 Yara's Violent Unravell  Hex/Tmut       #.........   99%         5    ######.


Dungeon Overview and Level Annotations

Branches:
Dungeon (3/15)

Altars:
Wu Jian

Annotations:
D:3 Ijyb


Innate Abilities, Weirdness & Mutations

Your experience applies equally to all skills.
You have very sharp teeth.
Your uncanny sense of smell can sniff out nearby items.


Message History

You closely miss Ijyb.
Ijyb is lightly wounded.
Ijyb hits you but does no damage.
You closely miss Ijyb.
Ijyb is lightly wounded.
You feel sick.
Ijyb zaps a wand.
The puff of flame hits you!
You are too injured to fight recklessly!
You are too injured to fight recklessly!
Your ring mail prevents you from hitting Ijyb.
Your bite misses Ijyb.
Ijyb is lightly wounded.
Ijyb hits you but does no damage.
You closely miss Ijyb.
Ijyb is lightly wounded.
Ijyb screams, "Get away!"
Ijyb zaps a wand.
The puff of flame hits you!
* * * LOW HITPOINT WARNING * * *
Ijyb screams, "I dance on your bones!"
You aren't carrying any items that you can evoke.
You die...

#.#.##...............
#.#.##........###...#
#.#..#........# .#
#.##.#........# ..
#..........# ##
#....####..# #....#
#..# ###+#####..#
........@#
#..#####.##### ∆
#g....# #†....#
#.....# #.....#
#.....# ......#
......#


You could see Ijyb.

Vanquished Creatures
  A bullfrog (D:3)
  Terence (D:2)
  A gnoll (D:1)
  4 adders
  A worm (D:2)
  2 dart slugs (D:2)
  2 leopard geckos
  4 orcs (D:3)
  5 bats
  A giant cockroach (D:1)
  6 goblins
  9 hobgoblins
  2 quokkas (D:2)
  6 frilled lizards
  9 kobolds
  2 rats
56 creatures vanquished.

Notes
Turn   | Place    | Note
-------+----------+-------------------------------------------
     0 | D:1      | pyroka the Gnoll Skald began the quest for the Orb.
     0 | D:1      | Reached XP level 1. HP: 20/20 MP: 6/6
   125 | D:1      | Reached XP level 2. HP: 26/26 MP: 5/7
   177 | D:1      | Reached XP level 3. HP: 27/31 MP: 0/9
   270 | D:1      | Reached skill level 5 in Spellcasting
   949 | D:2      | Noticed Terence
   952 | D:2      | Reached skill level 1 in Invocations
   969 | D:2      | Killed Terence
   969 | D:2      | Reached skill level 1 in Short Blades
   969 | D:2      | Reached skill level 1 in Axes
   969 | D:2      | Reached skill level 1 in Maces & Flails
   969 | D:2      | Reached skill level 1 in Polearms
   969 | D:2      | Reached skill level 1 in Staves
   969 | D:2      | Reached skill level 1 in Slings
   969 | D:2      | Reached skill level 1 in Bows
   969 | D:2      | Reached skill level 1 in Crossbows
   969 | D:2      | Reached skill level 1 in Throwing
   969 | D:2      | Reached skill level 1 in Stealth
   969 | D:2      | Reached skill level 1 in Shields
   969 | D:2      | Reached skill level 1 in Unarmed Combat
   969 | D:2      | Reached skill level 1 in Evocations
   969 | D:2      | Reached XP level 4. HP: 19/38 MP: 2/11
  1170 | D:2      | Reached skill level 1 in Conjurations
  1170 | D:2      | Reached skill level 1 in Hexes
  1170 | D:2      | Reached skill level 1 in Summonings
  1170 | D:2      | Reached skill level 1 in Necromancy
  1170 | D:2      | Reached skill level 1 in Translocations
  1170 | D:2      | Reached skill level 1 in Transmutations
  1170 | D:2      | Reached skill level 1 in Fire Magic
  1170 | D:2      | Reached skill level 1 in Ice Magic
  1170 | D:2      | Reached skill level 1 in Air Magic
  1170 | D:2      | Reached skill level 1 in Earth Magic
  1170 | D:2      | Reached skill level 1 in Poison Magic
  1590 | D:3      | Reached XP level 5. HP: 42/43 MP: 7/12
  1701 | D:3      | Learned a level 2 spell: Song of Slaying
  1705 | D:3      | Found an ornate altar of the Wu Jian Council.
  1795 | D:3      | Noticed Ijyb
  1814 | D:3      | HP: 1/43 [Ijyb/wand of flame (32) (14)]
  1816 | D:3      | Succumbed to an adder's poison

Vault maps used:
D:1:      noname_arrival_rooms_in_the_neighbourhood
D:2:      uniq_terence
D:3:      lemuel_crystal_altar, first_ration, uniq_ijyb

Skill      XL: |  1  2  3  4  5 |
---------------+----------------+-----
Spellcasting   | 5 |  5.2
Invocations    | 1 |  1.8
Short Blades   | 1 |  1.6
Axes           | 1 |  1.6
Maces & Flails | 1 |  1.6
Polearms       | 1 |  1.6
Staves         | 1 |  1.6
Slings         | 1 |  1.6
Bows           | 1 |  1.6
Crossbows      | 1 |  1.6
Throwing       | 1 |  1.6
Stealth        | 1 |  1.6
Shields        | 1 |  1.6
Unarmed Combat | 1 |  1.6
Evocations     | 1 |  1.6
Conjurations   | 1 |  1.2
Hexes          | 1 |  1.2
Summonings     | 1 |  1.2
Necromancy     | 1 |  1.2
Translocations | 1 |  1.2
Transmutations | 1 |  1.2
Fire Magic     | 1 |  1.2
Ice Magic      | 1 |  1.2
Air Magic      | 1 |  1.2
Earth Magic    | 1 |  1.2
Poison Magic   | 1 |  1.2
Armour         | 3 |  3.0
Fighting       | |  4.8
Long Blades    | |  4.8
Dodging        | |  4.8
Charms         | |  5.5

Action                   |  1- 3 |  4- 6 || total
-------------------------+-------+-------++-------
Melee: Falchion          |    80 |    99 ||   179
       Bite              |     7 |    10 ||    17
 Cast: Infusion          |     7 |     3 ||    10
 Stab: Sleeping          |     2 |       ||     2
  Eat: Chunk             |       |     3 ||     3
Armor: Leather armour    |    10 |       ||    10
       Chain mail        |       |    47 ||    47
       Ring mail         |       |    26 ||    26
Dodge: Dodged            |    79 |    53 ||   132
       Rpst.: Falchion   |    22 |    16 ||    38

Table legend:
 A = Spawn XP
 B = Non-spawn XP
 C = Spawn XP percentage of total XP
 D = Spawn monster count
 E = Non-spawn monster count
 F = Spawn count percentage of total count
 G = Total turns spent on level
                    A         B        C        D         E        F      G
               +---------+---------+-------+---------+---------+-------+---------
         Total |       0 |     289 |   0.0 |       0 |      56 |   0.0 |  1816
               +---------+---------+-------+---------+---------+-------+---------
           D:1 |       0 |      50 |   0.0 |       0 |      23 |   0.0 |   862
           D:2 |       0 |      99 |   0.0 |       0 |      21 |   0.0 |   710
           D:3 |       0 |     140 |   0.0 |       0 |      12 |   0.0 |   244
               +---------+---------+-------+---------+---------+-------+---------
